 Dungeon Crawl Stone Soup version 0.24-a0-201-gf205589 (webtiles) character file.

Game seed: 5732132734707976120

13891 Borgoz the Slicer (level 12, -4/71 HPs)
             Began as a Gargoyle Gladiator on Mar 25, 2019.
             Was a Believer of Ashenzari.
             Slain by an ettin
             ... wielding a +0 dire flail
              (29 damage)
             ... on level 11 of the Dungeon.
             The game lasted 00:32:30 (12232 turns).

Borgoz the Slicer (Gargoyle Gladiator)             Turns: 12232, Time: 00:32:30

Health: -4/71      AC: 15    Str: 25    XL:     12   Next: 10%
Magic:  19/19      EV: 21    Int: 11    God:    Ashenzari [**....]
Gold:   611        SH:  0    Dex: 13    Spells: 20/21 levels left

rFire    + . .     SeeInvis .   a - +1 dagger (drain)
rCold    . . .     Gourm    .   (no shield)
rNeg     + . .     Faith    .   h - +0 troll leather armour
rPois    ∞         Spirit   .   c - +0 helmet
rElec    +         Reflect  .   (no cloak)
rCorr    .         Harm     .   (no gloves)
MR       .....                  (no boots)
Stlth    +++.......             (no amulet)
HPRegen  0.61/turn              P - ring "Zanuzxel" {rF+ Str+6}
MPRegen  0.16/turn              d - +5 ring of evasion

@: no status effects
A: negative energy resistance 1, electricity resistance, unbreathing,
petrification resistance, rot immunity, AC +8
a: Curse Item, Scrying, Renounce Religion


You were on level 11 of the Dungeon.
You worshipped Ashenzari.
Ashenzari was pleased with you.
You were not hungry.

You visited 3 branches of the dungeon, and saw 13 of its levels.
You also visited: Ossuary.

You collected 831 gold pieces.
You spent 220 gold pieces at shops.

Inventory:

Hand Weapons
 a - a +1 dagger of draining (weapon)
 b - a +0 blowgun
 w - a +0 rapier
Missiles
 o - 8 steel tomahawks
 q - 12 tomahawks of returning
 u - 59 poisoned needles
 z - 7 needles of sleeping
 B - 18 tomahawks
 F - 5 poisoned tomahawks
 O - a throwing net (quivered)
Armour
 c - a +0 helmet (worn)
 h - a +0 troll leather armour (worn)
 E - a +0 leather armour of fire resistance
Jewellery
 d - a +5 ring of evasion (right hand)
 g - an uncursed ring of protection from cold
 s - a +5 ring of protection
 y - an uncursed ring of magical power
 G - an uncursed ring of protection from cold
 J - an uncursed ring of see invisible
 P - the ring "Zanuzxel" (left hand) {rF+ Str+6}
   (You found it on level 9 of the Dungeon)

   [ring of protection from fire]

   It affects your strength (+6).
   It protects you from fire.
Wands
 t - a wand of random effects (11)
 x - a wand of flame (16)
 C - a wand of enslavement (21)
 M - a wand of iceblast (9)
 N - a wand of polymorph (9)
 Q - a wand of acid (6)
 S - a wand of clouds (3)
Scrolls
 e - 4 scrolls of magic mapping
 k - 3 scrolls of amnesia
 l - a scroll of fog {unknown}
 r - 7 scrolls of identify
 A - 4 scrolls of teleportation
 D - 3 scrolls of blinking
 H - 4 scrolls of enchant weapon
 L - 2 scrolls of remove curse
 R - a scroll of immolation {unknown}
Potions
 i - a potion of flight
 j - 9 potions of curing
 m - 3 potions of lignification
 n - 2 potions of mutation
 p - 3 potions of resistance
 v - 3 potions of heal wounds
 I - a potion of magic
 K - a potion of might
Comestibles
 f - 13 rations
 T - 7 chunks of flesh


   Skills:
 + Level 6.8 Fighting
 * Level 8.2 Short Blades
 + Level 5.8 Throwing
 + Level 6.5 Armour
 * Level 7.5 Dodging
 + Level 6.9 Stealth
 + Level 5.3 Spellcasting
 + Level 4.5 Hexes
 + Level 4.4 Evocations


You had 20 spell levels left.
You knew the following spells:

 Your Spells              Type           Power        Failure   Level  Hunger
a - Confusing Touch       Hex            ##....       3%          1    None

Your spell library contained the following spells:

 Spells                   Type           Power        Failure   Level  Hunger
 Confuse                  Hex            ##......     11%         3    ###....
 Flame Tongue             Conj/Fire      #....        24%         1    None
 Magic Dart               Conj           #...         24%         1    None
 Dazzling Spray           Conj/Hex       #.....       28%         3    ###....
 Inner Flame              Hex/Fire       #.......     28%         3    ###....
 Searing Ray              Conj           #.....       34%         2    ##.....
 Throw Flame              Conj/Fire      #.....       34%         2    ##.....
 Conjure Flame            Conj/Fire      #.......     56%         3    ###....
 Gell's Gravitas          Tloc           #.........   56%         3    ###....
 Fulminant Prism          Conj/Hex       #.........   67%         4    ####...
 Force Lance              Conj/Tloc      #.......     93%         4    ####...
 Iskenderun's Mystic Bla  Conj           #.......     93%         4    ####...
 Petrify                  Tmut/Erth      #.......     93%         4    ####...
 Sticky Flame             Conj/Fire      #.......     93%         4    ####...
 Metabolic Englaciation   Hex/Ice        #.........   95%         5    ######.
 Yara's Violent Unravell  Hex/Tmut       #.........   95%         5    ######.
 Fireball                 Conj/Fire      #.........   100%        5    ######.


Dungeon Overview and Level Annotations

Branches:
Dungeon (11/15)            Temple (1/1) D:6            Lair (0/6) D:9
    Orc (1/2) D:9

Altars:
Ashenzari
Cheibriados
Dithmenos
Elyvilon
Fedhas
Gozag
Hepliaklqana
Kikubaaqudgha
Makhleb
Nemelex Xobeh
Okawaru
Qazlal
Ru
Sif Muna
Trog
Uskayaw
Vehumet
Wu Jian
Xom
Yredelemnul
Zin
The Shining One

Shops:
D:5 :

Annotations:
D:9 1 runed translucent door, Nib's ghost, journeyman GnNe
D:11 1 runed translucent door, Thaneod's ghost, novice DEFE


Innate Abilities, Weirdness & Mutations

You are resistant to torment.
Your stone body is resilient. (AC +8)
You are immune to poison.
You resist negative energy. (rN+)
You are resistant to electric shocks. (rElec)
You can survive without breathing.
You are immune to petrification.
You are immune to rotting.


Message History

Casting: Confusing Touch (safe; 3% risk of failure)
Confirm with . or Enter, or press ? or * to list all spells.
Your hands begin to glow red.
The ettin hits you with a +0 dire flail!
The ettin hits you with a +0 dire flail.
You hit the ettin but do no damage.
The ettin appears confused.
You strike the helpless ettin from behind!
You impale the ettin!!
The ettin is heavily wounded.
You hit the ettin but do no damage.
The ettin is heavily wounded.
The ettin seems less confused.
The ettin hits you with a +0 dire flail!
The ettin misses you.
You hit the ettin but do no damage. You drain the ettin.
The ettin is heavily wounded.
You hit the ettin but do no damage.
The ettin is heavily wounded.
The ettin hits you with a +0 dire flail!! x2
You die...

##.......####.....#.........##'##
♣#................###'#######.(..
8#...#........<..................
♣#...#..................######...
##...#..................# #..>
.....#.......#########..# #...
.....##....################ #...
......#....#......#...#...# #.##
......#....#....@C#.[.#...####.#
......#....#..[...#...#...#....#
......#....#####'##÷###...#....#
......#.....≈≈8#...)..#...#....#
......#.....≈≈≈#......'...#....#
......#.....≈≈≈#..##..#...#....#
......#.....≈≈≈#..##..#####....#
......#.....≈≈≈'..##..†...#....##
......#.....≈≈≈#..##..#...#......


You could see an ettin.

Vanquished Creatures
  Harold (D:9)
  An unseen horror (D:11)
  Pikel (D:7)
  3 orc sorcerers
  2 ugly things (D:11)
  A manticore (D:7)
  4 trolls
  A queen bee (D:11)
  2 hippogriffs
  Sigmund (D:2)
  A wraith (Ossuary)
  6 yaks
  A hungry ghost (D:7)
  An acid dragon (D:8)
  A water moccasin (D:6)
  2 sky beasts
  9 orc warriors
  A black bear (D:7)
  4 slaves (D:7)
  An eye of draining (D:11)
  2 phantoms
  2 ice beasts
  4 ogres
  6 centaurs
  A crocodile (D:7)
  An elf zombie (D:7)
  A big kobold (D:9)
  7 bullfrogs
  A gnoll sergeant (D:9)
  2 elf skeletons (D:7)
  A wyvern skeleton (D:9)
  3 scorpions
  23 killer bees
  5 howler monkeys
  4 crimson imps
  2 bullfrog zombies (D:9)
  2 quasits
  A human zombie (D:7)
  2 jellies
  2 bullfrog skeletons
  2 centaur skeletons
  2 hounds
  11 orc priests
  16 orc wizards
  A human skeleton (D:7)
  3 iguanas
  13 worker ants
  2 hound skeletons
  3 mummies (Ossuary)
  A worker ant zombie (D:11)
  6 gnolls
  8 adders
  3 shadow imps (D:7)
  An ooze (D:6)
  An adder zombie (D:6)
  2 adder skeletons
  2 worms (D:2)
  2 dart slugs
  6 leopard geckos
  44 orcs
  12 bats
  2 giant cockroaches
  A gnoll zombie (Ossuary)
  8 goblins
  7 hobgoblins
  3 quokkas
  6 frilled lizards
  A goblin zombie (Ossuary)
  4 hobgoblin zombies (Ossuary)
  12 kobolds
  8 kobold zombies (Ossuary)
  An orc skeleton (D:7)
  7 rats
317 creatures vanquished.

Vanquished Creatures (others)
  2 withered plants (D:9)
2 creatures vanquished.

Grand Total: 319 creatures vanquished

Notes
Turn   | Place    | Note
-------+----------+-------------------------------------------
     0 | D:1      | Borgoz the Gargoyle Gladiator began the quest for the Orb.
     0 | D:1      | Reached XP level 1. HP: 12/12 MP: 1/1
   245 | D:1      | Reached XP level 2. HP: 13/17 MP: 2/2
   679 | D:1      | Reached XP level 3. HP: 22/22 MP: 3/3
   682 | D:1      | Reached skill level 3 in Short Blades
  1008 | D:2      | Noticed Sigmund
  1025 | D:2      | Killed Sigmund
  1025 | D:2      | Reached skill level 1 in Armour
  1025 | D:2      | Reached skill level 1 in Stealth
  1025 | D:2      | Reached skill level 1 in Spellcasting
  1025 | D:2      | Reached XP level 4. HP: 21/27 MP: 3/5
  1025 | D:2      | Reached XP level 5. HP: 25/32 MP: 3/6
  1135 | D:2      | Reached XP level 6. HP: 21/37 MP: 7/7
  1670 | D:3      | Found a bloodstained altar of Trog.
  2370 | D:4      | Found a shadowy altar of Dithmenos.
  2959 | D:5      | Entered Level 5 of the Dungeon
  3134 | D:5      | Noticed a phantom
  3229 | D:5      | Killed a phantom
  3229 | D:5      | Reached skill level 4 in Short Blades
  3229 | D:5      | Reached XP level 7. HP: 39/41 MP: 9/9
  3365 | D:5      | Found an iron altar of Okawaru.
  3494 | D:5      | Found a shattered altar of Ashenzari.
  3595 | D:5      | Became a worshipper of Ashenzari the Shackled
  3757 | D:5      | Reached XP level 8. HP: 48/48 MP: 11/11
  4077 | D:5      | Found Pokloon's Book Shop.
  4101 | D:5      | Bought a book of Misfortune for 220 gold pieces
  4103 | D:5      | Learned a level 1 spell: Confusing Touch
  4314 | D:6      | Found a hide-covered altar of Uskayaw.
  4371 | D:6      | Reached skill level 5 in Short Blades
  4421 | D:6      | Found a staircase to the Ecumenical Temple.
  4513 | Temple   | Entered the Ecumenical Temple
  4984 | D:7      | Reached skill level 1 in Hexes
  4984 | D:7      | Reached skill level 1 in Evocations
  5011 | D:7      | Noticed a manticore
  5033 | D:7      | Killed a manticore
  5033 | D:7      | Reached skill level 5 in Dodging
  5033 | D:7      | Reached XP level 9. HP: 40/52 MP: 13/13
  5135 | D:7      | Found a bloodstained altar of Trog.
  5374 | D:7      | Found a sand-covered staircase.
  5404 | Ossuary  | Entered an ossuary
  5893 | D:7      | Reached skill level 6 in Short Blades
  5971 | D:7      | Reached * piety under Ashenzari
  5974 | D:7      | Found an ornate altar of the Wu Jian Council.
  6017 | D:7      | Reached skill level 5 in Fighting
  6221 | D:7      | Found an opulent altar of Gozag.
  6378 | D:7      | Reached XP level 10. HP: 59/59 MP: 15/15
  6461 | D:7      | Noticed Pikel
  6507 | D:7      | Killed Pikel
  6507 | D:7      | Reached skill level 5 in Stealth
  7581 | D:9      | Identified the ring "Zanuzxel" {rF+ Str+6}
  7581 | D:9      | Noticed Harold
  7604 | D:8      | Reached skill level 5 in Armour
  7678 | D:9      | Found a staircase to the Orcish Mines.
  7678 | D:9      | Found a runed translucent door.
  7678 | D:9      | Noticed Nib's ghost (journeyman GnNe)
  8147 | D:9      | Reached skill level 7 in Short Blades
  8248 | D:9      | Found a stormy altar of Qazlal.
  8248 | D:9      | Found a hazy altar of Hepliaklqana.
  8303 | D:9      | Killed Harold
  8303 | D:9      | Reached skill level 5 in Throwing
  8370 | D:9      | Reached XP level 11. HP: 45/64 MP: 17/17
  8422 | D:10     | Entered Level 10 of the Dungeon
 10199 | D:9      | Found a white marble altar of Elyvilon.
 10375 | D:9      | Found a staircase to the Lair.
 10739 | Orc:1    | Entered Level 1 of the Orcish Mines
 10739 | Orc:1    | Noticed an orc sorcerer
 10739 | Orc:1    | Noticed an orc sorcerer
 10741 | Orc:1    | Killed an orc sorcerer
 10764 | Orc:1    | Noticed an orc sorcerer
 10767 | Orc:1    | Noticed a soul eater
 10772 | D:9      | Killed an orc sorcerer
 10844 | Orc:1    | Killed an orc sorcerer
 10870 | Orc:1    | Noticed an orc knight
 10871 | Orc:1    | Noticed an orc sorcerer
 11066 | D:11     | Reached skill level 5 in Spellcasting
 11311 | D:11     | Found a runed translucent door.
 11312 | D:11     | Noticed Thaneod's ghost (novice DEFE)
 11410 | D:11     | Reached skill level 8 in Short Blades
 11450 | D:11     | Reached ** piety under Ashenzari
 11696 | D:11     | Noticed an unseen horror
 11709 | D:11     | Killed an unseen horror
 11930 | D:11     | Noticed a purple ugly thing
 11957 | D:11     | Killed a purple ugly thing
 11990 | D:11     | Noticed a cyan ugly thing
 12010 | D:11     | Reached XP level 12. HP: 60/71 MP: 17/19
 12222 | D:11     | Noticed an ettin
 12232 | D:11     | Slain by an ettin

Levels and vault maps discovered:
D:1:      shiori_arrival_oz, layout_basic
D:2:      layout_rooms, minmay_pentomino_p2, uniq_sigmund
D:3:      layout_loops_ring, bloody_trog
D:4:      layout_loops_corners, nicolae_dithmenos_the_darkroom
D:5:      layout_gridville, lemuel_doored_altar, serial_shops, shop,
          first_ration, grunt_decor_cap, okawaru_metal_pillars_3
D:6:      layout_cave_pools, kennysheep_mini,
          minmay_temple_entry_drinking_statues
D:7:      layout_basic, lemuel_coloured_pillars_altar, kennysheep_mini_moat,
          nicolae_ossuary_entry_catacombs, trog_butcher_becter, uniq_pikel
D:8:      layout_basic
D:9:      cheibrodos_fzero, layout_layer_cave, elyvilon_altar_3,
          amethyst_overflow_temple_binary, lair_entry_dummy,
          gammafunk_ghost_grave, uniq_harold
D:10:     layout_loops_corners, serial_rivers, chequers_serial_rivers_marsh,
          chequers_serial_rivers_marsh, chequers_serial_rivers_room_a,
          chequers_serial_rivers_small_3, chequers_serial_rivers_small_3,
          chequers_serial_rivers_small_b
D:11:     layout_irregular_city, gammafunk_ghost_grave, david_nohive_1,
          evilmike_minifort
Temple:   eino_temple_water
Orc:1:    layout_caves
Ossuary:  ossuary_kennysheep_city_of_the_dead

Skill      XL: |  1  2  3  4  5  6  7  8  9 10 11 |
---------------+----------------------------------+-----
Throwing       | 2 3 4 5 |  5.8
Short Blades   | 3 4 5 6 7 8 |  8.2
Armour         | 1 2 3 4 5 6 |  6.5
Dodging        | 3 4 5 6 7 |  7.5
Stealth        | 1 2 3 4 5 6 |  6.9
Spellcasting   | 1 2 3 4 5 |  5.3
Fighting       | 3 4 5 6 |  6.8
Hexes          | 1 2 3 4 |  4.5
Evocations     | 1 2 3 4 |  4.4

Action                   |  1- 3 |  4- 6 |  7- 9 | 10-12 || total
-------------------------+-------+-------+-------+-------++-------
Melee: Rapier            |    96 |    83 |   198 |       ||   377
       Dagger            |       |   140 |   581 |  1565 ||  2286
Throw: Throwing net      |       |       |       |     3 ||     3
       Tomahawk          |       |       |       |     1 ||     1
 Cast: Confusing Touch   |       |       |       |     4 ||     4
Evoke: Wand              |       |     8 |     4 |    13 ||    25
  Use: Potion            |     1 |     1 |       |     5 ||     7
       Scroll            |       |       |    11 |     6 ||    17
 Stab: Sleeping          |       |     3 |    11 |    11 ||    25
       Paralysed         |       |     3 |       |       ||     3
       Distracted        |       |       |     1 |     1 ||     2
       Confused          |       |       |     1 |     5 ||     6
       Held in net/web   |       |       |       |     2 ||     2
       Invisible         |       |       |       |     3 ||     3
  Eat: Chunk             |       |     7 |    13 |    18 ||    38
       Ration            |       |       |       |     1 ||     1
Armor: Leather armour    |    36 |     2 |       |       ||    38
       Troll leather arm |       |    77 |   305 |   533 ||   915
       Skin              |       |    40 |       |       ||    40
Dodge: Dodged            |    88 |   120 |   448 |  1285 ||  1941

Table legend:
 A = Non-vault XP
 B = Vault XP
 C = Vault XP percentage of total XP
 D = Non-vault monster count
 E = Vault monster count
 F = Vault count percentage of total count
                 A         B        C        D         E       F
            +---------+---------+-------+---------+---------+-------
      Total |   12403 |    7442 |  37.5 |     240 |      73 |  23.3
            +---------+---------+-------+---------+---------+-------
        D:1 |      34 |       2 |   5.6 |      19 |       1 |   5.0
        D:2 |     101 |     230 |  69.5 |      23 |       3 |  11.5
        D:3 |      36 |       0 |   0.0 |      16 |       0 |   0.0
        D:4 |      60 |       0 |   0.0 |       6 |       0 |   0.0
        D:5 |     915 |       0 |   0.0 |      24 |       0 |   0.0
        D:6 |     535 |       0 |   0.0 |       9 |       0 |   0.0
        D:7 |    2091 |    1227 |  37.0 |      34 |      11 |  24.4
        D:8 |     954 |     307 |  24.3 |      20 |       1 |   4.8
        D:9 |    3040 |    2121 |  41.1 |      54 |      11 |  16.9
       D:10 |    2004 |       0 |   0.0 |      20 |       0 |   0.0
       D:11 |    1431 |    3281 |  69.6 |      10 |      28 |  73.7
      Orc:1 |    1202 |       0 |   0.0 |       5 |       0 |   0.0
    Ossuary |       0 |     274 | 100.0 |       0 |      18 | 100.0
            +---------+---------+-------+---------+---------+-------
